 Dungeon Crawl Stone Soup version 0.31.0-12-g77e489cdc1 (webtiles) character file.

Game seed: 6113252458662951098

50 spaghetti the Changeling (level 3, -2/22 HPs)
             Began as an Oni Shapeshifter on Mar 8, 2024.
             Slain by Terence
             ... wielding a +0 trident
              (5 damage)
             ... on level 2 of the Dungeon.
             The game lasted 00:01:24 (1234 turns).

spaghetti the Changeling (Oni Shapeshifter)         Turns: 1234, Time: 00:01:25

Health: -2/22      AC:  3    Str: 20    XL:     3   Next: 79%
Magic:  3/3        EV: 14    Int: 11    God:
Gold:   89         SH:  0    Dex: 14    Spells: 2/2 levels left

rFire   . .          .
                       - Unarmed
rCold   . . .        g - melded +0 tower shield
rNeg    . . .        a - melded +0 animal skin
rPois   .            (helmet restricted)
rElec   .            m - +1 cloak {rCorr}
rCorr   +            (gloves unavailable)
SInv    .            (boots unavailable)
Will    .....        (no amulet)
Stlth   +            h - +6 ring of dexterity
HPRegen 0.23/turn    (no ring)
MPRegen 0.08/turn

%: no passive effects
@: flux-form, glowing
A: glow, contaminating, reduced hp, large, unfitting armour, horns 1, tough skin
1, double potion healing, drunken brawling
a: Begin Untransformation


You were on level 2 of the Dungeon.
You were something dangerously unstable.
You visited 1 branch of the dungeon, and saw 2 of its levels.

You collected 89 gold pieces.

Inventory:

Armour
 a - a +0 animal skin (melded)
 g - a +0 tower shield (melded)
 m - a +1 cloak of preservation (worn)
Jewellery
 h - a +6 ring of dexterity (left hand)
 o - a ring of ice
Talismans
 c - a beast talisman
 d - a flux talisman (active)
Scrolls
 i - 2 scrolls of identify {unknown}
 j - a scroll of butterflies {unknown}
 n - 2 scrolls of poison {unknown}
Potions
 b - a potion of lignification
 e - a potion of degeneration {unknown}
 f - 2 potions of invisibility {unknown}
 k - a potion of enlightenment {unknown}
 l - a potion of ambrosia {unknown}


   Skills:
 - Level 1.3 Fighting
 - Level 1.7 Dodging
 + Level 1.8 Shields
 - Level 2.6 Unarmed Combat
 + Level 3.8 Shapeshifting


You had 2 spell levels left.
You didn't know any spells.
Your spell library was empty.

Dungeon Overview and Level Annotations

Branches:
Dungeon (2/15)

Altars:

Annotations:
D:2 Terence


Innate Abilities, Weirdness & Mutations

You are something dangerously unstable.
You glow with magical radiation, making you easy to see and hit.
Foes you strike become dangerously contaminated with magical radiation.
Your maximum health is decreased, since you lack skill for your form.
You are incapable of wielding weapons or throwing items.
You are too large for most types of armour.
You have a pair of small horns on your head.
You have tough skin. (AC +1)
You gain doubled healing and magic from potions.
Whenever you drink a healing potion, you attack all around you.


Message History

No target in view!
No target in view!
No target in view!
Terence the Incautious comes into view.
He is wielding a +0 trident, wearing a +1 ring mail of willpower and carrying a wand of flame.
Terence shouts!
Terence is nearby!
Terence is nearby!
Terence is nearby!
Terence is nearby!
Terence closely misses you. Terence hits you with a +0 trident!
You are too injured to fight recklessly!
You are too injured to fight recklessly!
You are too injured to fight recklessly!
You are too injured to fight recklessly!
You are too injured to fight recklessly!
You are too injured to fight recklessly!
You are too injured to fight recklessly!
You are too injured to fight recklessly!
You are too injured to fight recklessly!
You are too injured to fight recklessly!
You are too injured to fight recklessly!
You are too injured to fight recklessly!
Unknown command.
Unknown command.
You hit Terence but do no damage.
Terence begins to glow.
Terence zaps a wand.
The puff of flame hits you!
Ouch! That really hurt!
* * * LOW HITPOINT WARNING * * *
You hit Terence but do no damage.
Terence glows dangerously bright.
You headbutt Terence.
Terence is moderately wounded.
Terence barely misses you.
Unknown command.
Unknown command.
You completely miss Terence.
Terence is lightly wounded.
Terence hits you with a +0 trident.
You die...
Terence says, "That felt goooood."

#.# #.# ##########.#
#.......##.#
#####.###.#.##.#
#........#..##.# #
#..##.##..#.##.###....
#..##.##......p@...#
#..##.##.##......###
#.....##.##.#...##
#.##........##.##
#.##.###.#####.#
#.##<###.# #.#
#........# #+#
####.##### #.#


You could see Terence (heavy contam).

Vanquished Creatures
  An adder (D:2)
  3 dart slugs
  A ribbon worm (D:2)
  4 bats
  2 endoplasms
  5 goblins (D:1)
  3 hobgoblins
  2 jackals (D:1)
  2 kobolds
  3 ball pythons
  A frilled lizard (D:1)
  3 rats (D:1)
30 creatures vanquished.

Notes
Turn   | Place    | Note
-------+----------+-------------------------------------------
     0 | D:1      | spaghetti the Oni Shapeshifter began the quest for the Orb.
     0 | D:1      | Reached XP level 1. HP: 19/19 MP: 1/1
   140 | D:1      | Reached XP level 2. HP: 25/27 MP: 2/2
   243 | D:1      | Reached skill level 1 in Shields
   354 | D:1      | Reached XP level 3. HP: 30/33 MP: 3/3
  1228 | D:2      | Noticed Terence
  1234 | D:2      | Slain by Terence

Illustrated notes

Levels and vault maps discovered:
D:1:      psy_arrival_fountain, layout_loops_ring
D:2:      layout_loops_corners, shapermc_ecumenical_altar_petra, uniq_terence

Skill      XL: |  1  2 |
---------------+-------+-----
Shields        | 1 |  1.8
Fighting       | |  1.3
Dodging        | |  1.7
Unarmed Combat | |  2.6
Shapeshifting  | |  3.8

Action                     || total
---------------------------++-------
  Melee: Unarmed           ||    86
         Headbutt          ||     8
 Armour: Animal skin       ||    40
         Skin              ||    15
  Dodge: Dodged            ||    56
  Block: Tower shield      ||    20
   Form: Flux              ||     1
